 Dungeon Crawl Stone Soup version 0.22-a0-283-g1871b15 (webtiles) character file.

34951 varam the Unseen (level 13, -23/70 HPs)
             Began as a Spriggan Enchanter on Mar 19, 2018.
             Was an Initiate of Gozag.
             Annihilated by Rupert
             ... wielding a +2 great sword of holy wrath
              (33 damage)
             ... on level 3 of the Lair of Beasts.
             The game lasted 01:25:33 (16684 turns).

varam the Unseen (Spriggan Enchanter)              Turns: 16684, Time: 01:25:33

Health: -23/70     AC:  2    Str:  5    XL:     13   Next: 45%
Magic:  13/23      EV: 35    Int: 25    God:    Gozag
Gold:   3682       SH:  4    Dex: 21    Spells: 6/24 levels left

rFire    + . .     SeeInvis +   x - +0 short sword (elec)
rCold    + . .     Gourm    .   (shield restricted)
rNeg     . . .     Faith    .   b - +0 robe {rC+ rF+}
rPois    .         Spirit   .   (helmet restricted)
rElec    .         Reflect  +   (no cloak)
rCorr    .         Harm     .   (gloves unavailable)
MR       ++...                  (boots unavailable)
Stlth    +++++++...             q - +4 amulet of reflection
HPRegen  0.21/turn              O - +4 ring of dexterity
MPRegen  0.18/turn              N - +2 ring of evasion

@: brilliant, about to teleport, very slightly contaminated, hasted, invisible,
very quick
A: very small, unfitting armour, see invisible, herbivore, speed 3, slow
metabolism 2
a: Potion Petition, Call Merchant, Bribe Branch, Renounce Religion


You were on level 3 of the Lair of Beasts.
You worshipped Gozag.
Gozag was most pleased with you.
You were not hungry.

You visited 3 branches of the dungeon, and saw 16 of its levels.
You also visited: Sewer and Volcano.

You collected 3829 gold pieces.
You paid 147 gold pieces to Gozag.

Inventory:

Hand Weapons
 w - a +0 dagger of chaos
 x - a +0 short sword of electrocution (weapon)
 Q - a +1 short sword of venom
 R - a +0 falchion of flaming
Armour
 b - a +0 robe of resistance (worn)
 F - +0 fire dragon scales
Magical Staves
 a - an uncursed staff of wizardry
Jewellery
 h - an uncursed ring of protection from magic
 i - an uncursed ring of ice
 q - a +4 amulet of reflection (around neck)
 C - an uncursed ring of protection from fire
 J - an uncursed ring of protection from magic
 N - a +2 ring of evasion (right hand)
 O - a +4 ring of dexterity (left hand)
Wands
 e - a wand of acid (8)
 o - a wand of flame (28)
 r - a wand of enslavement (12)
 H - a wand of random effects (23)
 L - a wand of disintegration (15)
 P - a wand of paralysis (20)
Scrolls
 c - 3 scrolls of magic mapping
 f - 3 scrolls of fog
 g - a scroll of noise {unknown}
 j - a scroll of remove curse
 n - 6 scrolls of teleportation
 s - 2 scrolls of enchant armour {unknown}
 u - a scroll of blinking {unknown}
 y - a scroll of random uselessness {unknown}
 G - 2 scrolls of holy word
 I - a scroll of fear {unknown}
 S - 2 scrolls of vulnerability {unknown}
 T - a scroll of amnesia {unknown}
 U - a scroll of torment {unknown}
 W - a scroll of immolation {unknown}
 X - a scroll of brand weapon {unknown}
Potions
 k - 5 potions of curing
 l - a potion of cancellation
 m - 2 potions of magic
 p - a potion of heal wounds
 t - 2 potions of degeneration {unknown}
 v - a potion of flight
 z - 2 potions of berserk rage {unknown}
 A - 3 potions of invisibility
 B - a potion of lignification {unknown}
 D - a potion of agility {unknown}
 E - a potion of resistance {unknown}
 K - 3 potions of brilliance
 M - 2 potions of haste
Comestibles
 d - 17 rations


   Skills:
 + Level 8.8 Fighting
 * Level 9.7 Short Blades
 - Level 15.0 Dodging
 + Level 18.3 Stealth
 - Level 6.0 Spellcasting
 - Level 10.6 Hexes


You had 6 spell levels left.
You knew the following spells:

 Your Spells              Type           Power        Failure   Level  Hunger
a - Corona                Hex            ######.      1%          1    None
b - Ensorcelled Hibernat  Hex/Ice        #####.       1%          2    None
c - Confuse               Hex            ######..     1%          3    None
d - Dazzling Spray        Conj/Hex       #####.       1%          3    None
e - Passwall              Tmut/Erth      ###.......   1%          2    None
f - Invisibility          Hex            ######..     1%          6    ######.
g - Summon Butterflies    Summ           ###.....     1%          1    None


Dungeon Overview and Level Annotations

Branches:
Dungeon (12/15)            Temple (1/1) D:6            Lair (3/6) D:10
    Orc (0/2) D:11
  Swamp: Lair:2-4    Shoals: Lair:2-4     Snake: Lair:2-4    Spider: Lair:2-4

Altars:
Ashenzari
Cheibriados
Dithmenos
Elyvilon
Fedhas
Gozag
Hepliaklqana
Kikubaaqudgha
Makhleb
Nemelex Xobeh
Okawaru
Qazlal
Ru
Sif Muna
Trog
Uskayaw
Vehumet
Wu Jian
Xom
Yredelemnul
Zin
The Shining One
Beogh

Shops:
D:7 *

Annotations:
D:2 Jessica
D:6 exclusion: downstairs
Lair:3 Rupert


Innate Abilities, Weirdness & Mutations

You are very small and have problems with some larger weapons.
You are too small for most types of armour.
You have supernaturally acute eyesight. (SInv)
You are a herbivore.
You cover ground extremely quickly.
You need to consume almost no food.


Message History

Ouch! That really hurt!
* * * LOW HITPOINT WARNING * * *
Okay, then.
You feel yourself speed up.
Rupert is no longer blind.
Rupert completely misses you.
As you read the scroll of teleportation, it crumbles to dust.
You feel strangely unstable.
Casting: Dazzling Spray (safe; 1% risk of failure)
Confirm with . or Enter, or press ? or * to list all spells.
Which direction?
Okay, then.
Casting: Passwall (safe; 1% risk of failure)
Confirm with . or Enter, or press ? or * to list all spells.
You don't know that spell.
Casting: Passwall (safe; 1% risk of failure)
Confirm with . or Enter, or press ? or * to list all spells.
Okay, then.
Rupert hits you with a great sword of holy wrath!!
You die...
Your body crumbles into a pile of gold.

##########
#.@......# ####
#@.......### #..#
#..........# ##.#
##........## ##...
#........####...#
##.........##.#.#.
#..........####...
##.###..##.####...
### ##.P##..#....
###.####.......


You could see Rupert (berserk).

Vanquished Creatures
  2 entropy weavers (D:12)
  Harold (D:11)
  3 hydras
  A queen ant (D:12)
  3 two-headed ogres
  A catoblepas (D:11)
  A sun demon (Volcano)
  2 unseen horrors
  A lindwurm (Lair:2)
  A deep elf mage (D:7)
  An orc sorcerer (Volcano)
  An ugly thing (D:11)
  A manticore (D:11)
  3 black mambas
  A molten gargoyle (Volcano)
  4 spiny frogs
  Psyche (D:11)
  A gargoyle (Volcano)
  A komodo dragon (Lair:3)
  A rime drake (Lair:3)
  3 trolls
  2 red devils (Volcano)
  2 dream sheep (D:10)
  7 blink frogs (Lair:2)
  6 hippogriffs
  6 fire bats (Volcano)
  A wyvern (Lair:3)
  22 yaks
  Eustachio (D:4)
  A hungry ghost (D:10)
  15 soldier ants (D:12)
  8 water moccasins
  2 hell hounds (Volcano)
  8 porcupines
  Duvessa (D:6)
  2 phantoms
  11 orc warriors
  10 sky beasts
  Purgy (Sewer)
  A black bear (D:12)
  A hornet zombie (D:11)
  4 ogres
  4 centaurs
  2 crocodiles
  5 big kobolds
  12 bullfrogs
  A wyvern skeleton (D:8)
  4 scorpions
  Dowan (D:6)
  19 killer bees
  6 wights (D:10)
  4 howler monkeys
  5 crimson imps
  2 centaur zombies
  4 lava snakes (Volcano)
  A quasit (D:8)
  A bullfrog zombie (D:5)
  10 hounds
  3 jellies
  2 bullfrog skeletons
  7 orc priests
  2 centaur skeletons
  3 iguanas
  5 orc wizards
  Natasha (thrice) (D:2)
  26 worker ants
  A hound zombie (D:7)
  A hound skeleton (D:5)
  A worker ant zombie (D:9)
  A howler monkey zombie (D:5)
  7 gnolls
  14 adders
  A shadow imp (D:6)
  An ooze (D:3)
  2 adder skeletons
  3 worms
  2 dart slugs
  11 leopard geckos
  46 orcs
  A ball python (D:3)
  7 giant cockroaches
  10 goblins
  4 hobgoblins
  7 jackals
  4 quokkas
  6 bats
  8 frilled lizards
  13 kobolds
  2 leopard gecko skeletons
  4 rats
435 creatures vanquished.

Vanquished Creatures (others)
  8 fungi
  3 plants (D:10)
11 creatures vanquished.

Grand Total: 446 creatures vanquished

Notes
Turn   | Place    | Note
-------+----------+-------------------------------------------
     0 | D:1      | varam the Spriggan Enchanter began the quest for the Orb.
     0 | D:1      | Reached XP level 1. HP: 9/9 MP: 5/5
   711 | D:1      | Reached XP level 2. HP: 13/13 MP: 4/6
   715 | D:1      | Learned a level 2 spell: Ensorcelled Hibernation
   847 | D:1      | Reached skill level 2 in Short Blades
   847 | D:1      | Reached skill level 5 in Stealth
  1294 | D:2      | Noticed Jessica
  1328 | D:2      | Reached XP level 3. HP: 16/16 MP: 0/8
  1662 | D:3      | Reached skill level 3 in Short Blades
  1953 | D:2      | Reached XP level 4. HP: 13/21 MP: 3/9
  2230 | D:2      | Noticed Natasha
  2237 | D:2      | Killed Natasha
  2237 | D:2      | Reached skill level 6 in Stealth
  2337 | D:2      | Noticed Natasha
  2346 | D:2      | Killed Natasha
  2346 | D:2      | Reached skill level 4 in Short Blades
  2372 | D:2      | Noticed Natasha
  2377 | D:2      | Killed Natasha
  2377 | D:2      | Reached XP level 5. HP: 24/24 MP: 4/10
  2800 | D:3      | Learned a level 3 spell: Confuse
  3243 | D:4      | Noticed Eustachio
  3317 | D:4      | Reached skill level 5 in Short Blades
  3317 | D:4      | Reached skill level 7 in Stealth
  3323 | D:4      | Noticed a sky beast
  3331 | D:4      | Killed a sky beast
  3331 | D:4      | Reached skill level 8 in Stealth
  3331 | D:4      | Reached XP level 6. HP: 28/28 MP: 11/11
  3490 | D:4      | Reached skill level 3 in Spellcasting
  3490 | D:4      | Reached skill level 4 in Hexes
  3568 | D:4      | Reached skill level 5 in Hexes
  3568 | D:4      | Reached XP level 7. HP: 14/32 MP: 5/13
  3617 | D:4      | Killed Eustachio
  3617 | D:4      | Reached skill level 4 in Spellcasting
  3644 | D:4      | Found a sparkling altar of Nemelex Xobeh.
  3766 | D:4      | Reached skill level 6 in Hexes
  3860 | D:5      | Entered Level 5 of the Dungeon
  3973 | D:5      | Found a glowing drain.
  4002 | Sewer    | Entered a sewer
  4145 | Sewer    | Noticed Purgy
  4147 | Sewer    | Killed Purgy
  4147 | Sewer    | Reached skill level 7 in Hexes
  4687 | D:5      | Reached skill level 8 in Hexes
  4771 | D:5      | Reached XP level 8. HP: 33/36 MP: 13/15
  4838 | D:5      | Reached skill level 1 in Fighting
  4922 | D:6      | Reached skill level 4 in Dodging
  5138 | D:6      | Found a snail-covered altar of Cheibriados.
  5279 | D:6      | Reached skill level 2 in Fighting
  5279 | D:6      | Reached skill level 5 in Dodging
  5414 | D:6      | Reached skill level 6 in Dodging
  5425 | D:6      | Noticed Dowan
  5434 | D:6      | Found a staircase to the Ecumenical Temple.
  5444 | Temple   | Entered the Ecumenical Temple
  5780 | D:6      | Reached skill level 3 in Fighting
  5792 | D:6      | Reached skill level 7 in Dodging
  5870 | D:6      | Noticed Duvessa
  5893 | D:7      | Found an opulent altar of Gozag.
  5906 | D:7      | Became a worshipper of Gozag Ym Sagoz the Greedy
  5925 | D:7      | Reached skill level 8 in Dodging
  6279 | D:6      | Killed Dowan
  6279 | D:6      | Reached skill level 9 in Dodging
  6279 | D:6      | Reached XP level 9. HP: 39/44 MP: 13/16
  6293 | D:6      | Killed Duvessa
  6494 | D:7      | Found Joun's General Store.
  6556 | D:7      | Reached skill level 9 in Stealth
  6829 | D:6      | Reached skill level 6 in Short Blades
  7306 | D:7      | Noticed a deep elf mage
  7322 | D:7      | Killed a deep elf mage
  7322 | D:7      | Reached skill level 10 in Stealth
  7337 | D:7      | Reached skill level 7 in Short Blades
  7440 | D:7      | Reached skill level 11 in Stealth
  7483 | D:7      | Found a glowing golden altar of the Shining One.
  7808 | D:8      | Found an ancient bone altar of Kikubaaqudgha.
  7811 | D:8      | Found a radiant altar of Vehumet.
  7812 | D:8      | Noticed a two-headed ogre
  7834 | D:8      | Killed a two-headed ogre
  7834 | D:8      | Reached skill level 8 in Short Blades
  7834 | D:8      | Reached skill level 12 in Stealth
  7834 | D:8      | Reached XP level 10. HP: 49/49 MP: 11/17
  7841 | D:8      | Found a shadowy altar of Dithmenos.
  7841 | D:8      | Found a hide-covered altar of Uskayaw.
  7843 | D:8      | Found an opulent altar of Gozag.
  8576 | D:9      | Reached skill level 5 in Spellcasting
  8583 | D:9      | Reached skill level 4 in Fighting
  8798 | D:9      | You fall through a shaft for 2 floors!
  8833 | D:10     | Entered Level 10 of the Dungeon
  8934 | D:10     | Noticed an unseen horror
  8939 | D:10     | Killed an unseen horror
  8939 | D:10     | Reached skill level 5 in Fighting
  8939 | D:10     | Reached skill level 6 in Spellcasting
  9185 | D:10     | Reached skill level 6 in Fighting
  9233 | D:10     | Found a staircase to the Lair.
  9236 | D:10     | Reached skill level 10 in Dodging
  9270 | D:10     | Reached skill level 9 in Hexes
  9312 | D:10     | Found a snail-covered altar of Cheibriados.
  9410 | D:10     | Reached XP level 11. HP: 32/56 MP: 7/21
  9431 | D:10     | Reached skill level 10 in Hexes
 10072 | D:10     | Noticed a three-headed hydra
 10082 | D:10     | Killed a three-headed hydra
 10082 | D:10     | Reached skill level 13 in Stealth
 10114 | D:10     | Reached skill level 11 in Dodging
 10514 | D:11     | Found a sparkling altar of Nemelex Xobeh.
 10514 | D:11     | Noticed a red ugly thing
 10532 | D:11     | Killed a red ugly thing
 10559 | D:11     | Noticed a two-headed ogre
 10568 | D:11     | Killed a two-headed ogre
 10573 | D:11     | Noticed a catoblepas
 10589 | D:10     | Learned a level 3 spell: Dazzling Spray
 10601 | D:11     | Killed a catoblepas
 10601 | D:11     | Reached skill level 12 in Dodging
 10601 | D:11     | Reached skill level 14 in Stealth
 10643 | D:11     | Noticed Psyche
 10670 | D:11     | Killed Psyche
 10729 | D:11     | Noticed Harold
 10729 | D:11     | Noticed an unseen horror
 10732 | D:11     | Killed an unseen horror
 10807 | D:11     | Killed Harold
 10858 | D:11     | Noticed a two-headed ogre
 10882 | D:11     | Killed a two-headed ogre
 10882 | D:11     | Reached skill level 13 in Dodging
 10882 | D:11     | Reached skill level 15 in Stealth
 10903 | D:11     | Found a roughly hewn altar of Beogh.
 10903 | D:11     | Found a staircase to the Orcish Mines.
 11239 | D:11     | Reached XP level 12. HP: 19/61 MP: 15/22
 12838 | D:12     | Reached skill level 14 in Dodging
 12845 | D:12     | Noticed an entropy weaver
 12940 | D:12     | Noticed an entropy weaver
 13089 | D:12     | Killed an entropy weaver
 13094 | D:12     | Reached skill level 15 in Dodging
 13288 | D:12     | Noticed a queen ant
 13317 | D:12     | Killed a queen ant
 13490 | D:12     | Killed an entropy weaver
 13490 | D:12     | Reached skill level 16 in Stealth
 13748 | D:12     | Reached skill level 7 in Fighting
 14025 | Lair:1   | Entered Level 1 of the Lair of Beasts
 14453 | Lair:2   | Found a dark tunnel.
 14461 | Volcano  | Entered a volcano
 14470 | Volcano  | Learned a level 2 spell: Passwall
 14528 | Volcano  | Reached skill level 17 in Stealth
 14752 | Volcano  | Found a burning altar of Makhleb.
 15025 | Volcano  | Reached skill level 8 in Fighting
 15025 | Volcano  | Reached XP level 13. HP: 68/68 MP: 23/23
 16129 | Lair:3   | Reached skill level 18 in Stealth
 16231 | Lair:3   | Reached skill level 9 in Short Blades
 16598 | Lair:3   | Learned a level 6 spell: Invisibility
 16600 | Lair:3   | Learned a level 1 spell: Summon Butterflies
 16662 | Lair:3   | Noticed Rupert
 16684 | Lair:3   | Annihilated by Rupert

Vault maps used:
D:1:      dpeg_arrival_rhombi, minmay_misc_feat_encased
D:2:      minivault_25, uniq_jessica, uniq_natasha
D:4:      nemelex_xobeh_ov_fountains_minmay, uniq_eustachio
D:5:      portal_sewer_entry_f, first_ration
D:6:      minmay_temple_entry_mist, basic_altar, uniq_duvessa
D:7:      lemuel_doored_altar, basic_altar, serial_shops, shop_statue,
          guppyfry_early_elven_hall
D:8:      minitemple
D:10:     grunt_lair_entry_orc_guard_hut, special_room, basic_altar,
          hangedman_ranch
D:11:     david_orc_5, basic_altar, uniq_psyche, uniq_harold
D:12:     minivault_19, zaba_antful_of_joy
Temple:   regret_index_temple_sphere_string
Lair:2:   minmay_guarded_unrand_snakebite, nicolae_volcano_entry_vermiform,
          minmay_holes, st_stairs_9
Lair:3:   uniq_snorg, uniq_rupert
Sewer:    kennysheep_door_sewer
Volcano:  volcano_grotto

Skill      XL: |  1  2  3  4  5  6  7  8  9 10 11 12 13 |
---------------+----------------------------------------+-----
Short Blades   | 2 3 4 5 8 9 |  9.7
Stealth        | 5 6 8 12 15 17 18 | 18.3
Spellcasting   | 3 4 6 |  6.0
Hexes          | 5 8 9 10 | 10.6
Fighting       | 3 6 8 |  8.8
Dodging        | 9 10 13 15 | 15.0

Action                   |  1- 3 |  4- 6 |  7- 9 | 10-12 | 13-15 || total
-------------------------+-------+-------+-------+-------+-------++-------
Melee: Dagger            |    91 |   102 |   222 |   112 |       ||   527
       Rapier            |       |       |     4 |       |       ||     4
       Short sword       |       |       |    82 |   542 |   151 ||   775
       Falchion          |       |       |       |     7 |       ||     7
 Cast: Corona            |    19 |     8 |    22 |    19 |     9 ||    77
       Ensorcelled Hiber |    13 |    16 |    36 |    79 |     9 ||   153
       Confuse           |       |     3 |    47 |   111 |    24 ||   185
       Dazzling Spray    |       |       |       |    11 |     2 ||    13
       Invisibility      |       |       |       |       |     1 ||     1
Invok: Potion Petition   |       |       |     1 |       |       ||     1
Evoke: Wand              |       |       |       |    16 |       ||    16
  Use: Scroll            |       |       |     8 |    12 |     1 ||    21
       Potion            |       |       |       |     3 |     3 ||     6
 Stab: Sleeping          |    17 |    22 |    41 |    91 |    14 ||   185
       Confused          |       |     3 |    21 |    56 |    19 ||    99
       Distracted        |       |       |     2 |    13 |     2 ||    17
       Invisible         |       |       |     2 |     7 |       ||     9
       Petrifying        |       |       |       |     2 |       ||     2
  Eat: Ration            |       |     1 |     4 |     6 |     2 ||    13
Armor: Robe              |    14 |     4 |    12 |     6 |     1 ||    37
Dodge: Dodged            |    84 |    54 |   225 |   359 |    82 ||   804
Block: Other             |       |       |       |    21 |    11 ||    32
       Reflection        |       |       |       |     2 |       ||     2
       Rpst.: Falchion   |       |       |       |    11 |       ||    11

Table legend:
 A = Spawn XP
 B = Non-spawn XP
 C = Spawn XP percentage of total XP
 D = Spawn monster count
 E = Non-spawn monster count
 F = Spawn count percentage of total count
 G = Total turns spent on level
                    A         B        C        D         E        F      G
               +---------+---------+-------+---------+---------+-------+---------
         Total |       0 |   49930 |   0.0 |       0 |     435 |   0.0 | 16684
               +---------+---------+-------+---------+---------+-------+---------
           D:1 |       0 |      24 |   0.0 |       0 |      15 |   0.0 |  1161
           D:2 |       0 |     140 |   0.0 |       0 |      15 |   0.0 |   940
           D:3 |       0 |      91 |   0.0 |       0 |      24 |   0.0 |  1045
           D:4 |       0 |     718 |   0.0 |       0 |      18 |   0.0 |   714
           D:5 |       0 |     450 |   0.0 |       0 |      21 |   0.0 |  1142
           D:6 |       0 |    1273 |   0.0 |       0 |      22 |   0.0 |  1273
           D:7 |       0 |    1703 |   0.0 |       0 |      21 |   0.0 |   799
           D:8 |       0 |    1763 |   0.0 |       0 |      19 |   0.0 |   645
           D:9 |       0 |     911 |   0.0 |       0 |      23 |   0.0 |   685
          D:10 |       0 |    8326 |   0.0 |       0 |      66 |   0.0 |  1785
          D:11 |       0 |    7261 |   0.0 |       0 |      52 |   0.0 |  1954
          D:12 |       0 |    8763 |   0.0 |       0 |      61 |   0.0 |  1556
        Lair:1 |       0 |    2370 |   0.0 |       0 |      11 |   0.0 |   775
        Lair:2 |       0 |    5163 |   0.0 |       0 |      24 |   0.0 |   556
        Lair:3 |       0 |    6323 |   0.0 |       0 |      19 |   0.0 |   588
         Sewer |       0 |     135 |   0.0 |       0 |       6 |   0.0 |   290
       Volcano |       0 |    4516 |   0.0 |       0 |      18 |   0.0 |   598
               +---------+---------+-------+---------+---------+-------+---------
